 Dungeon Crawl Stone Soup version 0.26-a0-284-g73c0fb6129 (webtiles) character file.

Game seed: 4091363747358819237

4 Niddhogr the Stinger (level 1, 0/13 HPs)
             Began as a Demonspawn Venom Mage on July 13, 2020.
             Slain by a hobgoblin
             ... wielding a +0 club
              (5 damage)
             ... on level 1 of the Dungeon.
             The game lasted 00:00:45 (243 turns).

Niddhogr the Stinger (Demonspawn Venom Mage)         Turns: 243, Time: 00:00:45

Health: 0/13       AC:  2    Str:  8    XL:     1   Next: 58%
Magic:  0/3        EV: 16    Int: 16    God:
Gold:   6          SH:  0    Dex: 13    Spells: 3/4 levels left

rFire    . . .     SeeInvis .   (no weapon)
rCold    . . .     Faith    .   (no shield)
rNeg     . . .     Spirit   .   a - +0 robe
rPois    .         Reflect  .   (no helmet)
rElec    .         Harm     .   (no cloak)
rCorr    .                      (no gloves)
MR       .....                  (no boots)
Stlth    ++........             (no amulet)
HPRegen  0.04/turn              d - +4 ring of evasion
MPRegen  0.08/turn              (no ring)

@: no status effects
A: no striking features
a: no special abilities


You were on level 1 of the Dungeon.
You visited 1 branch of the dungeon, and saw 1 of its levels.

You collected 6 gold pieces.

Inventory:

Armour
 a - a +0 robe (worn)
Jewellery
 d - a +4 ring of evasion (left hand)
Scrolls
 b - a scroll of remove curse {unknown}
 e - a scroll of identify {unknown}
Potions
 c - 2 potions of lignification {unknown}


   Skills:
 - Level 1.7 Dodging
 - Level 1.7 Stealth
 - Level 2.0 Spellcasting
 - Level 0.8 Transmutations
 + Level 3.3 Poison Magic


You had 3 spell levels left.
You knew the following spells:

 Your Spells              Type           Power        Failure   Level
a - Sting                 Tmut/Pois      #...         9%          1

Your spell library contained the following spells:

 Spells                   Type           Power        Failure   Level
 Poisonous Vapours        Pois/Air       #.....       16%         2
 Ignite Poison            Fire/Tmut/Pois #.......     34%         3
 Mephitic Cloud           Conj/Pois/Air  #.......     36%         3
 Olgreb's Toxic Radiance  Pois           ##......     45%         4


Dungeon Overview and Level Annotations

Branches:
Dungeon (1/15)

Altars:


Message History

You closely miss the hobgoblin. The hobgoblin hits you with a +0 club.
You take 3 damage, and have 9/13 hp.
MASSIVE DAMAGE!!
Aim: a hobgoblin, wielding a +0 club (severely wounded, poisoned)
The sting misses the hobgoblin.
* * * LOW MAGIC WARNING * * *
The hobgoblin looks more healthy.
The hobgoblin hits you with a +0 club.
* * * LOW HITPOINT WARNING * * *
You take 4 damage, and have 5/13 hp.
MASSIVE DAMAGE!!
You now have 0/3 mp.
There is an open door here.
A jackal comes into view.
Your magical contamination has completely faded away.
Aim: a hobgoblin, wielding a +0 club (heavily wounded)
The sting hits the hobgoblin but does no damage.
The hobgoblin is poisoned.
* * * LOW MAGIC WARNING * * *
The hobgoblin hits you with a +0 club.
You die...

### #.. #.# ###### ##### #.#
.....# #...# #.# .....# #...###
#.# .....# ###########...#.####.#
.....#######....................>
?....'.........g@............>...
.....####.##.####.###.####.####.#
.....# #.##(# #................
###### #.##.# #†###.####.......
#.##.# #(....# #....... #.##.#
#.....# #.......
##+###'##.####.....# #.......
#.........#........####.......
#.........#......#..(.........


You could see a hobgoblin (poisoned).

Levels and vault maps discovered:
D:1:      scummos_arrival_star, layout_basic

Notes
Turn   | Place    | Note
-------+----------+-------------------------------------------
     0 | D:1      | Niddhogr the Demonspawn Venom Mage began the quest for the
                  | Orb.
     0 | D:1      | Reached XP level 1. HP: 13/13 MP: 3/3
    72 | D:1      | Identified a ring of evasion (You found it on level 1 of
                  | the Dungeon)
   215 | D:1      | Identified a +0 club
   243 | D:1      | Slain by a hobgoblin

Table legend:
 A = Turns spent in this place as a percentage of turns spent in the entire game.
 B = Non-inter-level travel turns spent in this place as a percentage of non-inter-level travel turns spent in the entire game.
 C = Inter-level travel turns spent in this place as a percentage of turns spent in this place.
 D = Turns resting spent in this place as a percentage of non-inter-level travel turns spent in this place.
 E = Turns spent auto-exploring this place as a percentage of non-inter-level travel turns spent in this place.
 F = Non-inter-level travel turns spent in this place divided by the number of levels of this place that you've seen.
                   A       B       C       D       E      F
               +-------+-------+-------+-------+-------+----------------------
         Total | 100.0 | 100.0 |   0.0 |   0.0 |  75.3 | 243.0
       Dungeon | 100.0 | 100.0 |   0.0 |   0.0 |  75.3 | 243.0
               +-------+-------+-------+-------+-------+----------------------

Table legend:
 A = Kills in this place as a percentage of kills in entire the game.
 B = Kills by you in this place as a percentage of kills by you in the entire game.
 C = Kills by friends in this place as a percentage of kills by friends in the entire game.
 D = Other kills in this place as a percentage of other kills in the entire game.
 E = Experience gained in this place as a percentage of experience gained in the entire game.
 F = Experience gained in this place divided by the number of levels of this place that you have seen.
                   A       B       C       D       E      F
               +-------+-------+-------+-------+-------+----------------------
         Total | 100.0 | 100.0 |   N/A |   N/A | 100.0 |   7.0
       Dungeon | 100.0 | 100.0 |   N/A |   N/A | 100.0 |   7.0
               +-------+-------+-------+-------+-------+----------------------

Action                   || total
-------------------------++-------
Melee: Unarmed           ||    19
 Cast: Sting             ||     8
Armor: Robe              ||     1
Dodge: Dodged            ||    14

Vanquished Creatures
  A giant cockroach (D:1)
  A jackal (D:1)
  A frilled lizard (D:1)
  A kobold (D:1)
  A rat (D:1)
5 creatures vanquished.
